 Dungeon Crawl Stone Soup version 0.29.1-2-gbd0b4ee654 (console) character file.

Game seed: 3425491530427863228

3 Goreval the Sneak (level 1, -1/15 HPs)
             Began as a Naga Enchanter on Nov 17, 2022.
             Slain by a quokka (5 damage)
             ... on level 1 of the Dungeon.
             The game lasted 00:01:49 (195 turns).

Goreval the Sneak (Naga Enchanter)                   Turns: 195, Time: 00:01:49

Health: -1/15      AC:  2    Str: 10    XL:     1   Next: 50%
Magic:  3/3        EV:  9    Int: 15    God:
Gold:   49         SH:  0    Dex: 11    Spells: 4/4 levels left

rFire   . . .      SeeInvis +   a - +1 dagger
rCold   . . .      Faith    .   (no shield)
rNeg    . . .      Spirit   .   b - +0 robe
rPois   +          Reflect  .   d - +0 helmet
rElec   .          Harm     .   (no cloak)
rCorr   .          Rampage  .   (no gloves)
Will    .....                   (no barding)
Stlth   ++........              (no amulet)
HPRegen 0.05/turn               (no ring)
MPRegen 0.08/turn               (no ring)

@: very slow
A: AC +0, large, see invisible, deformed body, poison resistance, slowness 2,
spit poison 1, naga tail 1
a: Spit Poison


You were on level 1 of the Dungeon.
You visited 1 branch of the dungeon, and saw 1 of its levels.

You collected 49 gold pieces.

Inventory:

Hand Weapons
 a - a +1 dagger (weapon)
Armour
 b - a +0 robe (worn)
 d - a +0 helmet (worn)
Potions
 c - 2 potions of invisibility
 e - 2 potions of mutation {unknown}


   Skills:
 * Level 1.2 Short Blades
 - Level 1.5 Dodging
 + Level 4.4 Stealth
 + Level 2.0 Spellcasting
 * Level 3.0 Hexes


You had 4 spell levels left.
You didn't know any spells.
Your spell library contained the following spells:

 Spells                   Type           Power      Damage    Failure   Level
 Ensorcelled Hibernation  Hex/Ice        12%        N/A       19%         2
 Confusing Touch          Hex            10%        N/A       19%         3
 Tukima's Dance           Hex            10%        N/A       19%         3
 Dazzling Flash           Conj/Hex       12%        N/A       34%         3


Dungeon Overview and Level Annotations

Branches:
Dungeon (1/15)

Altars:


Innate Abilities, Weirdness & Mutations

Your serpentine skin is tough. (AC +0)
You have supernaturally acute eyesight. (SInv)
Armour fits poorly on your strangely shaped body.
Your system is resistant to poisons. (rPois)
You cover ground very slowly.
You can spit poison.
You have a snake-like lower body.


Message History

The splash of poison hits the kobold but does no damage.
The kobold shouts!
You have got your breath back.
You hit the kobold. The kobold hits you with a +0 dagger.
You miss the kobold. The kobold completely misses you.
Aim: a kobold, wielding a +0 dagger (severely wounded, 43% to hit)
The splash of poison misses the kobold.
The kobold barely misses you.
You hit the kobold.
You kill the kobold!
You see here a +0 dagger.
You have got your breath back.
You now have 29 gold pieces (gained 7).
Found a ring mail, a dagger and 5 stones.
You now have 39 gold pieces (gained 10).
Found 8 stones.
You now have 49 gold pieces (gained 10).
You see here 8 stones.
A quokka comes into view.
A quokka is nearby!
A quokka is nearby!
A quokka is nearby!
A quokka is nearby!
A quokka is nearby!
A quokka is nearby!
Cheiwalk mode is on.
Aim: a quokka (38% to hit)
The splash of poison misses the quokka.
You see here 8 stones.
You have got your breath back.
You barely miss the quokka.
The quokka bites you but does no damage.
You closely miss the quokka. The quokka bites you.
You barely miss the quokka. The quokka bites you.
You barely miss the quokka. The quokka barely misses you. The quokka bites you.
* * * LOW HITPOINT WARNING * * *
You completely miss the quokka.
The quokka twitches its whiskers.
The quokka bites you.
You die...

#.# .... ... .... ... .... #.# ..##.
......... #######.#...# ............##.
#.#...... ##........ #(##....#. .
#r##....#.# ~..#####@##.(..#.#.
~................. ..................
...#####.##....#.# ..#.....##....#.#.
##### .................... ....#
.....)....[.....#... ...#
#.........##...#.... ###+#####..#
#.........##........ #.......#..###.+
#.........##...#.### #.......#......#
#....####.##...#.#### ## +.......#..#
#....####.##...#.#.. ... .# #.......#..#
.............#.#.# #.# .# #...<...#..#
.......##...#.#.#####.##.## #.......'..#
..(..........).............. #.......#..#
................####.....##..#.......#..#
#......................#.##..#####+###..#
.............†...........##.............#
#..###.##.#.#.#.##.......##.............#
#. #. #.#.#.#.##.#.#.########.######### #
#. #.#.#.#.##.#.#...######.# #.
#.#.#.#.##.#.#.#........#
#.#.#.#.##.#.#.######.### ....#.##.#.#.#
#..#


You could see a quokka.

Vanquished Creatures
  2 kobolds (D:1)
  A quokka (D:1)
3 creatures vanquished.

Notes
Turn   | Place    | Note
-------+----------+-------------------------------------------
     0 | D:1      | Goreval the Naga Enchanter began the quest for the Orb.
     0 | D:1      | Reached XP level 1. HP: 15/15 MP: 3/3
   195 | D:1      | Slain by a quokka

Illustrated notes

Levels and vault maps discovered:
D:1:      lemuel_arrival_room, layout_basic, serial_bayou,
          serial_bayou_lagoon_a, serial_bayou_pond_e, serial_bayou_shore_b,
          serial_bayou_shore_b, serial_bayou_pond_d, minmay_box_of_dots

Action                   || total
-------------------------++-------
Melee: Dagger            ||     8
 Abil: Spit Poison       ||     5
Armor: Robe              ||     1
Dodge: Dodged            ||     3
